 Dungeon Sprint DCSS version 0.31-a0-344-gd109795599 (webtiles) character file.

Game seed: 3365014170289129749

12900000 Monkooky the Axe Maniac (level 27, -3/273 HPs)
             Began as a Ghoul Warper on July 21, 2023.
             Was the Champion of Makhleb.
             Slain by a meat berserker
             ... wielding a +9 battleaxe
              (79 damage)
             ... in the Dungeon (Sprint VIII: "Arena of Blood").
             The game lasted 00:06:08 (129 turns).

Monkooky the Axe Maniac (Ghoul Warper)               Turns: 129, Time: 00:06:08

Health: -3/273     AC:  6    Str: 19    XL:     27
Magic:  34/53      EV: 21    Int: 16    God:    Makhleb [******]
Gold:   0          SH:  0    Dex: 10    Spells: 76/80 levels left

rFire   . . .        i - +∞ Axe of Woe
rCold   + . .        (shield currently unavailable)
rNeg    + + +        b - +0 leather armour
rPois   ∞            (no helmet)
rElec   .            (no cloak)
rCorr   .            (no gloves)
SInv    .            (no boots)
Will    ++...        (no amulet)
Stlth   +++++++++    (no ring)
HPRegen 0.00/turn    (no ring)
MPRegen 0.33/turn

%: no teleportation
@: marked, inhibited regen, slowed, very slow
A: claws 1, cold resistance 1, negative energy resistance 3, inhibited
regeneration, torment resistance 2, devour on kill
a: Renounce Religion, Minor Destruction, Lesser Servant of Makhleb, Major
Destruction, Greater Servant of Makhleb


You were in the Dungeon.
You worshipped Makhleb.
Makhleb was exalted by your worship.
You visited 1 branch

Inventory:

Hand Weapons
 a - a +0 hand axe
 i - the +∞ Axe of Woe (weapon)
   (You found it in the Dungeon)
Missiles
 d - 7 boomerangs of dispersal
Armour
 b - a +0 leather armour (worn)
Scrolls
 c - a scroll of blinking
Potions
 e - a potion of curing
 f - a potion of heal wounds
 h - a potion of magic


   Skills:
 O Level 27 Fighting
 O Level 27 Short Blades
 O Level 27 Long Blades
 O Level 27 Axes
 O Level 27 Maces & Flails
 O Level 27 Polearms
 O Level 27 Staves
 O Level 27 Ranged Weapons
 O Level 27 Throwing
 O Level 27 Armour
 O Level 27 Dodging
 O Level 27 Stealth
 O Level 27 Shields
 O Level 27 Unarmed Combat
 O Level 27 Spellcasting
 O Level 27 Conjurations
 O Level 27 Hexes
 O Level 27 Summonings
 O Level 27 Necromancy
 O Level 27 Translocations
 O Level 27 Transmutations
 O Level 27 Fire Magic
 O Level 27 Ice Magic
 O Level 27 Air Magic
 O Level 27 Earth Magic
 O Level 27 Poison Magic
 O Level 27 Invocations
 O Level 27 Evocations


You had 76 spell levels left.
You knew the following spells:

 Your Spells              Type           Power      Damage    Failure   Level
a - Manifold Assault      Tloc           82%        N/A       0%          4

Your spell library contained the following spells:

 Spells                   Type           Power      Damage    Failure   Level
 Blink                    Tloc           100%       N/A       0%          2
 Lesser Beckoning         Tloc           100%       N/A       0%          2
 Teleport Other           Tloc           82%        N/A       0%          3
 Vhi's Electric Charge    Tloc/Air       100%       N/A       0%          3


Dungeon Overview and Level Annotations

Branches:
Dungeon (1/1)

Altars:
Makhleb

Annotations:
D The Defiler, The Servant


Innate Abilities, Weirdness & Mutations

You are immune to poison.
You have sharp fingernails.
Your flesh is cold resistant. (rC+)
You are immune to negative energy. (rN+++)
You do not regenerate when monsters are visible.
You are immune to unholy pain and torment.
You thrive by killing the living.


Message History

The bolt of poison hits you but does no damage.
You resist.
The Servant is engulfed in blazing flames.
The Servant hits you from afar with a +9 glaive of flaming!!!
The Servant burns you!!
The fleshlord gestures wildly while chanting.
The fleshlord seems to speed up.
Deactivating autopickup; reactivate with Ctrl-A.
You convulse!
The scourge is engulfed in blazing flames.
The scourge throws poison sting at you. The poison arrow misses you.
The poison arrow hits the large bag of meat!!!
The large bag of meat looks as sick as possible!
Flame seeps out of the large bag of meat.
The bag of meat is engulfed in poison gas.
The bag of meat looks even sicker.
The meat berserker rages.
The bag of meat is engulfed in blazing flames.
The bag of meat is engulfed in poison gas.
The bag of meat looks even sicker.
The fleshlord gestures wildly while chanting.
The fleshlord seems to speed up.
The bag of meat is engulfed in blazing flames.
The bag of meat is engulfed in poison gas.
The bag of meat looks even sicker.
The fleshlord mumbles some strange words.
The fleshlord seems to speed up.
The destroyer casts a spell at you.
The destroyer blinks!
The accursed casts a spell at you. Something smites you!
* * * LOW HITPOINT WARNING * * *
A sculptor of flesh comes into view. It is wielding a +9 great sword.
The large bag of meat is engulfed in blazing flames.
The destroyer casts a spell at you.
The destroyer blinks!
The meat berserker is engulfed in blazing flames.
The meat berserker hits you with a +9 battleaxe!!!!
You die... #°°○....# .S.#.Do #p)zz..O# .. #So.ooo###†oo .D.###... .ozooo.M.DMo###........ .ooo#.MooO.2)_.))...... ..#oWoo.oD#o)M)@#..... ..ooVo{o°o#M2Op_# V.. #o.ooOVO#)O)Oo#.{X{. #Mo@§{OO)OMo).ooL..

...oo@o§§XOo###X...X...
..X.oSS###LMOpz..###2.o
....ooW #.2SVO..# o.
....°°o #SoXo...#
#...... ..{.oD..O
p#.#... ......o..2.
.#.... ...........


You could see 4 accurseds, a tentacled monstrosity (summoned), The Servant, 3
eight-headed meat hydras, 2 destroyers, 4 scourges, 4 fleshlords, 4 sculptors of
flesh, 2 large bags of meat, a large abomination (summoned), 2 dreads, 8 meat
berserkers and 38 bags of meat.

Vanquished Creatures
  Sigmund (D)
  14 hell beasts (D)
  8 royal mummies (D)
  10 great orbs of eyes (D)
  8 wraiths (D)
  16 vampire knights (D)
  54 ogres (D)
  11 two-headed ogres (D)
  8 liches (D)
  4 hydras (D)
  9 phantoms (D)
  65 orcs (D)
  8 skeletal warriors (D)
  4 sea snakes (D)
220 creatures vanquished.

Notes
Turn   | Place    | Note
-------+----------+-------------------------------------------
     0 | D        | Found the +∞ Axe of Woe
     0 | D        | Monkooky the Ghoul Warper began the quest for the Orb.
     0 | D        | Reached XP level 1. HP: 17/17 MP: 2/2
     1 | D        | Noticed a bag of meat
     2 | D        | Noticed a bag of meat
     3 | D        | Became a worshipper of Makhleb the Destroyer
     4 | D        | Noticed a bag of meat
     6 | D        | Noticed a meat berserker
     6 | D        | Noticed a bag of meat
     6 | D        | Noticed a bag of meat
     7 | D        | Killed a bag of meat
     7 | D        | Noticed a bag of meat
     7 | D        | Noticed a bag of meat
     8 | D        | Reached XP level 2. HP: 24/24 MP: 3/3
     8 | D        | Reached XP level 3. HP: 29/29 MP: 4/4
     8 | D        | Reached XP level 4. HP: 36/36 MP: 5/5
     8 | D        | Reached XP level 5. HP: 41/41 MP: 6/6
     8 | D        | Reached XP level 6. HP: 48/48 MP: 7/7
     8 | D        | Reached XP level 7. HP: 55/55 MP: 8/8
     8 | D        | Reached XP level 8. HP: 61/61 MP: 9/9
     8 | D        | Reached XP level 9. HP: 67/67 MP: 10/10
     8 | D        | Reached XP level 10. HP: 73/73 MP: 11/11
     8 | D        | Reached XP level 11. HP: 79/79 MP: 12/12
     8 | D        | Killed a bag of meat
     8 | D        | Reached * piety under Makhleb
     9 | D        | Reached XP level 12. HP: 85/85 MP: 13/13
    10 | D        | Killed a meat berserker
    11 | D        | Reached XP level 13. HP: 125/125 MP: 14/14
    12 | D        | Killed a bag of meat
    12 | D        | Killed a bag of meat
    12 | D        | Reached ** piety under Makhleb
    13 | D        | Reached XP level 14. HP: 146/146 MP: 15/15
    14 | D        | Killed a bag of meat
    15 | D        | Noticed a bag of meat
    16 | D        | Noticed a meat berserker
    16 | D        | Noticed a bag of meat
    17 | D        | Killed a bag of meat
    17 | D        | Noticed a bag of meat
    17 | D        | Noticed a bag of meat
    19 | D        | Killed a bag of meat
    19 | D        | Reached *** piety under Makhleb
    20 | D        | Reached XP level 15. HP: 163/163 MP: 16/16
    21 | D        | Noticed a meat berserker
    21 | D        | Noticed a meat berserker
    26 | D        | Noticed a meat berserker
    29 | D        | Noticed an eight-headed meat hydra
    30 | D        | Learned a level 4 spell: Manifold Assault
    30 | D        | Killed a meat berserker
    30 | D        | Killed a nine-headed meat hydra
    30 | D        | Reached **** piety under Makhleb
    31 | D        | Reached XP level 16. HP: 172/172 MP: 16/28
    31 | D        | Noticed a large bag of meat
    32 | D        | Killed a meat berserker
    33 | D        | Noticed a destroyer
    33 | D        | Killed a meat berserker
    33 | D        | Noticed a meat berserker
    34 | D        | Reached XP level 17. HP: 180/180 MP: 16/32
    34 | D        | Reached ***** piety under Makhleb
    35 | D        | Reached skill level 27 in Axes
    35 | D        | Killed a meat berserker
    36 | D        | Reached skill level 15 in Spellcasting
    36 | D        | Noticed a sculptor of flesh
    36 | D        | Noticed a destroyer
    37 | D        | Noticed a large bag of meat
    38 | D        | Noticed a destroyer
    38 | D        | Killed a sculptor of flesh
    38 | D        | Killed a destroyer
    39 | D        | Reached skill level 27 in Translocations
    39 | D        | Reached XP level 18. HP: 188/188 MP: 16/43
    39 | D        | Noticed a large bag of meat
    41 | D        | Noticed a sculptor of flesh
    41 | D        | Killed a destroyer
    41 | D        | Noticed a large bag of meat
    42 | D        | Reached skill level 27 in Spellcasting
    42 | D        | Reached skill level 1 in Invocations
    42 | D        | Reached ****** piety under Makhleb
    43 | D        | Reached skill level 5 in Armour
    43 | D        | Reached XP level 19. HP: 204/204 MP: 17/49
    43 | D        | Killed a destroyer
    44 | D        | Reached skill level 27 in Fighting
    45 | D        | Reached skill level 10 in Armour
    45 | D        | Killed a meat berserker
    46 | D        | Reached skill level 10 in Invocations
    46 | D        | Killed a large bag of meat
    47 | D        | Reached skill level 27 in Dodging
    47 | D        | Reached XP level 20. HP: 184/216 MP: 18/50
    47 | D        | Noticed an accursed
    48 | D        | Killed a large bag of meat
    50 | D        | Noticed a tyrant
    50 | D        | Killed a large bag of meat
    50 | D        | Killed a large bag of meat
    51 | D        | Noticed a destroyer
    53 | D        | Noticed a meat berserker
    54 | D        | Reached skill level 27 in Armour
    54 | D        | Reached XP level 21. HP: 210/224 MP: 19/51
    55 | D        | Noticed a tyrant
    55 | D        | Noticed a destroyer
    56 | D        | Killed a tyrant
    57 | D        | Noticed a tyrant
    57 | D        | Noticed a destroyer
    58 | D        | Killed a destroyer
    59 | D        | Reached skill level 27 in Stealth
    59 | D        | Reached skill level 27 in Invocations
    61 | D        | Reached skill level 15 in Throwing
    62 | D        | Noticed a dread
    63 | D        | Noticed a dread
    63 | D        | Killed a destroyer
    64 | D        | Noticed a dread
    65 | D        | Reached XP level 22. HP: 220/233 MP: 21/52
    66 | D        | Noticed a dread
    68 | D        | Reached skill level 27 in Throwing
    69 | D        | Killed a dread
    70 | D        | Reached skill level 15 in Unarmed Combat
    70 | D        | Killed an accursed
    70 | D        | Killed a destroyer
    71 | D        | Reached XP level 23. HP: 240/240 MP: 18/53
    71 | D        | Killed a dread
    72 | D        | Noticed a dread
    72 | D        | Noticed a meat beast
    73 | D        | Killed a tyrant
    74 | D        | Reached skill level 27 in Unarmed Combat
    75 | D        | Killed a tyrant
    75 | D        | Killed a meat beast
    75 | D        | Noticed a destroyer
    75 | D        | Noticed a tyrant
    76 | D        | Reached skill level 27 in Maces & Flails
    76 | D        | Reached skill level 27 in Polearms
    76 | D        | Reached XP level 24. HP: 249/249 MP: 19/53
    76 | D        | Killed a tyrant
    76 | D        | Killed a dread
    76 | D        | Killed a destroyer
    76 | D        | Killed a dread
    77 | D        | Reached XP level 25. HP: 219/257 MP: 15/53
    78 | D        | Noticed an accursed
    79 | D        | Killed a dread
    82 | D        | Reached XP level 26. HP: 266/266 MP: 17/53
    82 | D        | Noticed a meat beast
    86 | D        | Killed a meat beast
    87 | D        | Reached XP level 27. HP: 247/273 MP: 15/53
    88 | D        | Reached skill level 27 in Short Blades
    88 | D        | Reached skill level 27 in Long Blades
    88 | D        | Reached skill level 27 in Staves
    88 | D        | Reached skill level 27 in Ranged Weapons
    88 | D        | Reached skill level 27 in Shields
    88 | D        | Reached skill level 5 in Conjurations
    88 | D        | Reached skill level 5 in Hexes
    88 | D        | Reached skill level 5 in Summonings
    88 | D        | Reached skill level 5 in Transmutations
    88 | D        | Reached skill level 5 in Fire Magic
    88 | D        | Reached skill level 5 in Air Magic
    88 | D        | Reached skill level 5 in Evocations
    92 | D        | Reached skill level 10 in Necromancy
    92 | D        | Reached skill level 10 in Poison Magic
    93 | D        | Reached skill level 10 in Conjurations
    93 | D        | Reached skill level 10 in Summonings
    93 | D        | Reached skill level 10 in Transmutations
    93 | D        | Reached skill level 10 in Evocations
    93 | D        | Noticed a dread
    94 | D        | Noticed The Captor
    95 | D        | Reached skill level 10 in Hexes
    95 | D        | Reached skill level 10 in Fire Magic
    95 | D        | Reached skill level 10 in Air Magic
    96 | D        | Reached skill level 15 in Ice Magic
    96 | D        | Reached skill level 15 in Earth Magic
    96 | D        | Noticed an accursed
    96 | D        | Killed an accursed
    97 | D        | Reached skill level 15 in Necromancy
    97 | D        | Reached skill level 15 in Poison Magic
    98 | D        | Reached skill level 15 in Hexes
    98 | D        | Reached skill level 15 in Fire Magic
    98 | D        | Reached skill level 15 in Air Magic
    98 | D        | Noticed a dread
    99 | D        | Killed a dread
    99 | D        | Noticed a large bag of meat
   100 | D        | Killed a large bag of meat
   100 | D        | Killed a dread
   101 | D        | Noticed an accursed
   101 | D        | Killed an accursed
   101 | D        | Killed The Captor
   102 | D        | Reached skill level 27 in Ice Magic
   102 | D        | Reached skill level 27 in Earth Magic
   102 | D        | Noticed a meat beast
   102 | D        | Noticed a meat beast
   103 | D        | Reached skill level 27 in Necromancy
   103 | D        | Reached skill level 27 in Poison Magic
   103 | D        | Noticed an accursed
   103 | D        | Noticed an accursed
   104 | D        | Killed a meat beast
   104 | D        | Noticed a tyrant
   104 | D        | Noticed a meat beast
   105 | D        | Reached skill level 27 in Conjurations
   105 | D        | Reached skill level 27 in Summonings
   105 | D        | Reached skill level 27 in Transmutations
   105 | D        | Reached skill level 27 in Evocations
   105 | D        | Noticed a large bag of meat
   106 | D        | Reached skill level 27 in Hexes
   106 | D        | Reached skill level 27 in Fire Magic
   106 | D        | Reached skill level 27 in Air Magic
   106 | D        | Noticed a meat beast
   106 | D        | Noticed an accursed
   106 | D        | Noticed a meat beast
   106 | D        | Noticed a tyrant
   106 | D        | Noticed a large bag of meat
   106 | D        | Noticed an accursed
   106 | D        | Noticed a meat beast
   106 | D        | Noticed a destroyer
   106 | D        | Noticed a large bag of meat
   106 | D        | Noticed a large bag of meat
   106 | D        | Noticed a tyrant
   106 | D        | Noticed a tyrant
   106 | D        | Noticed a dread
   106 | D        | Noticed a meat beast
   106 | D        | Noticed a meat beast
   106 | D        | Noticed an accursed
   106 | D        | Noticed a large bag of meat
   106 | D        | Noticed a dread
   107 | D        | Killed an accursed
   107 | D        | Killed a meat beast
   107 | D        | Killed a meat beast
   107 | D        | Noticed a large bag of meat
   108 | D        | Noticed a meat beast
   108 | D        | Noticed a large bag of meat
   108 | D        | Killed a large bag of meat
   108 | D        | Noticed an accursed
   108 | D        | Noticed an accursed
   108 | D        | Noticed an accursed
   109 | D        | Noticed a destroyer
   109 | D        | Noticed a large bag of meat
   109 | D        | Noticed The Servant
   109 | D        | Killed an accursed
   109 | D        | Killed a meat beast
   109 | D        | Noticed an accursed
   109 | D        | Noticed a meat beast
   110 | D        | Noticed a tyrant
   110 | D        | Noticed a destroyer
   111 | D        | Noticed a meat beast
   111 | D        | Noticed a tyrant
   111 | D        | Noticed a destroyer
   112 | D        | Killed a meat beast
   112 | D        | Noticed a meat beast
   113 | D        | Killed an accursed
   113 | D        | Killed a destroyer
   113 | D        | Killed a destroyer
   113 | D        | Noticed a destroyer
   113 | D        | Noticed a destroyer
   113 | D        | Noticed a destroyer
   114 | D        | Killed a dread
   114 | D        | Killed a destroyer
   114 | D        | Killed a meat beast
   114 | D        | Killed a tyrant
   115 | D        | Noticed an accursed
   116 | D        | Killed an accursed
   116 | D        | Killed a meat beast
   116 | D        | Killed a meat beast
   116 | D        | Noticed a large bag of meat
   117 | D        | Noticed a meat beast
   117 | D        | Killed a meat beast
   118 | D        | Killed a destroyer
   118 | D        | Killed a large bag of meat
   118 | D        | Noticed a dread
   119 | D        | Killed a meat beast
   120 | D        | Killed a destroyer
   120 | D        | Noticed a large bag of meat
   120 | D        | Noticed a large bag of meat
   121 | D        | Killed a destroyer
   122 | D        | Killed a tyrant
   122 | D        | Killed a large bag of meat
   122 | D        | Killed a large bag of meat
   122 | D        | Noticed an accursed
   123 | D        | Killed a large bag of meat
   123 | D        | Killed a meat beast
   123 | D        | Killed a large bag of meat
   123 | D        | Noticed a destroyer
   123 | D        | Noticed a destroyer
   123 | D        | Noticed a fleshlord
   124 | D        | Killed a destroyer
   125 | D        | Noticed a meat beast
   125 | D        | Killed a destroyer
   125 | D        | Killed a meat beast
   125 | D        | Noticed a meat beast
   125 | D        | Noticed a destroyer
   125 | D        | Noticed a dread
   125 | D        | Noticed a fleshlord
   126 | D        | Killed a tyrant
   126 | D        | Killed an accursed
   127 | D        | Noticed The Defiler
   127 | D        | Noticed a destroyer
   128 | D        | Killed a destroyer
   128 | D        | Noticed a fleshlord
   128 | D        | Noticed a fleshlord
   128 | D        | Noticed a destroyer
   129 | D        | Killed a tyrant
   129 | D        | Slain by a meat berserker

Illustrated notes

Levels and vault maps discovered:
D:        meatsprint

Skill      XL: |  1  2  3  4  5  6  7  8  9 10 11 12 13 14 15 16 17 18 19 20 21 22 23 24 25 26 27 |
---------------+----------------------------------------------------------------------------------+-----
Axes           | 23 24 26 27 | 27.0
Stealth        | 17 18 19 24 27 | 27.0
Fighting       | 14 19 23 26 27 | 27.0
Dodging        | 12 16 19 21 27 | 27.0
Spellcasting   | 9 12 22 27 | 27.0
Translocations | 16 21 27 | 27.0
Armour         | 5 16 27 | 27.0
Invocations    | 3 13 23 27 | 27.0
Throwing       | 24 27 | 27.0
Maces & Flails | 19 27 | 27.0
Polearms       | 19 27 | 27.0
Unarmed Combat | 22 27 | 27.0
Short Blades   | 11 18 21 26 27 | 27.0
Long Blades    | 11 18 21 26 27 | 27.0
Staves         | 11 18 21 26 27 | 27.0
Ranged Weapons | 11 18 21 26 27 | 27.0
Shields        | 11 18 21 26 27 | 27.0
Conjurations   | 27 | 27.0
Hexes          | 27 | 27.0
Summonings     | 27 | 27.0
Necromancy     | 27 | 27.0
Transmutations | 27 | 27.0
Fire Magic     | 27 | 27.0
Ice Magic      | 27 | 27.0
Air Magic      | 27 | 27.0
Earth Magic    | 27 | 27.0
Poison Magic   | 27 | 27.0
Evocations     | 27 | 27.0

Action                     |  1- 3 |  4- 6 |  7- 9 | 10-12 | 13-15 | 16-18 | 19-21 | 22-24 | 25-27 || total
---------------------------+-------+-------+-------+-------+-------+-------+-------+-------+-------++-------
  Melee: Executioner's axe |     1 |       |       |     2 |     5 |     9 |    13 |    14 |    58 ||   102
   Cast: Manifold Assault  |       |       |       |       |       |       |       |     2 |     6 ||     8
 Invoke: Lesser Servant of |       |       |       |       |     1 |       |       |       |       ||     1
    Use: Potion            |     1 |       |       |       |       |       |       |       |     1 ||     2
         Scroll            |       |       |       |       |       |       |       |       |     1 ||     1
 Armour: Leather armour    |       |       |       |       |       |       |       |     2 |     2 ||     4
  Dodge: Dodged            |       |       |       |       |       |       |       |     1 |     4 ||     5

Table legend: (Time is in decaauts)
 A = Elapsed time spent in this place.
 B = Non-inter-level travel time spent in this place.
 C = Inter-level travel time spent in this place.
 D = Time resting spent in this place.
 E = Time spent auto-exploring this place.
 F = Levels seen in this place.
 G = Mean time per level.
                   A        B        C        D        E       F      G
               +--------+--------+--------+--------+--------+-----+--------+
         Total |     90 |     90 |      0 |      0 |      0 |   1 |   90.0 |
       Dungeon |     90 |     90 |      0 |      0 |      0 |   1 |   90.0 |
               +--------+--------+--------+--------+--------+-----+--------+

Top non-repeatable levels by time:
       D: 90 daAuts
